 Dungeon Crawl Stone Soup version 0.32-a0-540-g866d13106e (webtiles) character file.

Game seed: 18429307657803317232

4197 hipposaver the Nimble (level 10, -3/75 HPs)
             Began as a Djinni Conjurer on Feb 28, 2024.
             Was an Initiate of Gozag.
             Slain by a two-headed ogre
             ... wielding a +0 giant spiked club
              (24 damage)
             ... on level 8 of the Dungeon on Feb 29, 2024.
             The game lasted 00:26:06 (6984 turns).

hipposaver the Nimble (Djinni Conjurer)             Turns: 6984, Time: 00:26:06

Health: -3/75      AC:  6    Str:  6    XL:     10   Next: 54%
Gold:   974        EV: 15    Int: 24    God:    Gozag SH:  0 Dex: 12

rFire   + + +        (no weapon)
rCold   x . .        (no shield)
rNeg    . . .        a - +0 robe
rPois   ∞            (no helmet)
rElec   .            p - +0 cloak
rCorr   .            h - +1 pair of gloves
SInv    .            (boots unavailable)
Will    +....        m - amulet of the acrobat
Stlth   ++           j - ring of protection from fire
HPRegen 0.32/turn    (no ring)
MPRegen 0.00/turn

%: acrobat, infuse magic (-4 HP)
@: freezing walls, flying
A: sickness immunity, fire resistance 2, cold vulnerability 1, float, innate
caster, HP casting, extra vitality 1
a: Renounce Religion, Potion Petition, Call Merchant, Bribe Branch


You were on level 8 of the Dungeon.
You worshipped Gozag.
Gozag was pleased with you.
You visited 1 branch of the dungeon, and saw 8 of its levels.

You collected 1028 gold pieces.
You paid 54 gold pieces to Gozag.

Inventory:

Armour
 a - a +0 robe (worn)
 h - a +1 pair of gloves (worn)
 p - a +0 cloak (worn)
Jewellery
 j - a ring of protection from fire (left hand)
 m - an amulet of the acrobat (around neck)
 v - a ring of fire
Wands
 r - a wand of warping (10)
 s - a wand of flame (29)
 u - a wand of paralysis (2)
Scrolls
 d - a scroll of amnesia
 e - 3 scrolls of vulnerability
 l - 2 scrolls of revelation
Potions
 c - a potion of curing
 f - a potion of magic
 g - a potion of enlightenment
 i - a potion of might {unknown}
 k - a potion of resistance
 n - a potion of mutation {unknown}
 o - a potion of lignification {unknown}
 q - a potion of haste {unknown}
 t - a potion of brilliance {unknown}


   Skills:
 + Level 7.3 Fighting
 + Level 7.3 Armour
 + Level 8.4 Dodging
 - Level 1.5 Stealth
 + Level 6.6 Spellcasting
 + Level 6.6 Conjurations
 + Level 6.6 Hexes
 + Level 6.6 Summonings
 + Level 6.6 Necromancy
 + Level 6.6 Translocations
 + Level 6.6 Fire Magic
 + Level 6.6 Ice Magic
 + Level 6.6 Air Magic
 + Level 6.6 Earth Magic
 + Level 6.6 Alchemy


You knew the following spells:

 Your Spells              Type           Power      Damage    Failure   Level
a - Magic Dart            Conj           100%       1d8       1%          1
b - Searing Ray           Conj           78%        2d7       1%          2
c - Fulminant Prism       Conj/Alch      19%        3d10      4%          4
d - Iskenderun's Mystic   Conj/Tloc      39%        2d9       4%          4
e - Freeze                Ice            100%       1d10      1%          1
f - Jinxbite              Hex            78%        N/A       1%          2
g - Frozen Ramparts       Ice            78%        1d12      1%          3
h - Dazzling Flash        Conj/Hex       78%        N/A       1%          3
Your spell library was empty.

Dungeon Overview and Level Annotations

Branches:
Dungeon (8/15)             Temple (0/1) D:7            Lair (0/5) D:8

Altars:
Gozag
Makhleb

Annotations:
D:7 Duvessa


Innate Abilities, Weirdness & Mutations

You are immune to sickness and miasma.
You are immune to poison.
Your flesh is very heat resistant. (rF++)
You are vulnerable to cold. (rC-)
You float through the air rather than walking.
You learn spells naturally, not from books.
Your magical power is your life essence.
You have superior vitality. (+4 MHP)


Message History

Confirm with . or Enter, or press ? or * to list all spells.
Okay, then.
Unknown command.
The searing ray misses the wolf.
The wall freezes the wolf. x2
The wolf completely misses you.
The searing ray hits the wolf!
You kill the wolf!
Casting: Searing Ray (safe; 1% risk of failure)
Confirm with . or Enter, or press ? or * to list all spells.
Restarting spell: Searing Ray (safe; 1% risk of failure)
Press: ? - help, Shift-Dir - straight line, f - two-headed ogre
Aim: a two-headed ogre, wielding a +0 giant spiked club and a +0 giant club (91% to hit)
The searing ray hits the two-headed ogre.
The two-headed ogre is lightly wounded. (Press . to maintain the ray.)
The wall freezes the two-headed ogre but does no damage.
Unknown command.
Unknown command.
The searing ray hits the two-headed ogre.
The two-headed ogre is lightly wounded.
The wall freezes the two-headed ogre but does no damage.
The two-headed ogre misses you.
The two-headed ogre completely misses you.
The searing ray hits the two-headed ogre but does no damage.
The two-headed ogre is lightly wounded.
* * * LOW HITPOINT WARNING * * *
Okay, then.
Casting: Searing Ray (safe; 1% risk of failure)
Confirm with . or Enter, or press ? or * to list all spells.
Restarting spell: Searing Ray (safe; 1% risk of failure)
Press: ? - help, Shift-Dir - straight line, f/p - two-headed ogre
Aim: a two-headed ogre, wielding a +0 giant spiked club and a +0 giant club (lightly wounded, 91% to hit)
The searing ray hits the two-headed ogre.
The two-headed ogre is moderately wounded. (Press . to maintain the ray.)
* * * LOW HITPOINT WARNING * * *
The wall freezes the two-headed ogre!
The two-headed ogre hits you with a +0 giant spiked club!!
You die...
Your body crumbles into a pile of gold.

#......
#≈~....#.....#
#≈~....#..>..#
###≈~....#.....###
≈≈≈≈~....#........
~~~....#........
.......#....#...
##....$@.......
#...#..#O#._.#.
###.#...##... ...
### #.....### ...#
. ##~..#...###
..... ......#~##
####.. ........###
.## .........~## #
.#.........#


You could see a two-headed ogre.

Vanquished Creatures
  4 yaks (D:6)
  A wyvern (D:8)
  2 vampire mosquitoes (D:8)
  Edmund (D:4)
  7 ice beasts
  A black bear (D:5)
  A sky beast (D:8)
  3 ogres
  4 wolves (D:8)
  A phantom (D:6)
  3 bullfrogs
  3 kobold brigands
  4 scorpions
  5 wights (D:7)
  Dowan (D:7)
  3 howler monkeys (D:8)
  2 jellies
  6 hounds
  2 sleepcaps (D:3)
  2 orc priests (D:5)
  An iguana (D:5)
  Natasha (D:3)
  4 orc wizards
  4 adders
  2 white imps
  2 dart slugs (D:4)
  2 ribbon worms
  9 orcs
  5 ball pythons
  3 bats
  5 endoplasms
  2 giant cockroaches
  5 hobgoblins
  2 jackals (D:2)
  7 quokkas
  3 frilled lizards
  6 goblins
  17 kobolds
  7 rats
143 creatures vanquished.

Notes
Turn   | Place    | Note
-------+----------+-------------------------------------------
     0 | D:1      | hipposaver the Djinni Conjurer began the quest for the Orb.
     0 | D:1      | hipposaver set off with the following spells memorised:
                  | Magic Dart, Searing Ray, Fulminant Prism, Iskenderun's
                  | Mystic Blast.
     0 | D:1      | Reached XP level 1. HP: 15/15 MP: 0/0
   410 | D:1      | Reached XP level 2. HP: 19/21 MP: 0/0
   984 | D:2      | Reached XP level 3. HP: 25/26 MP: 0/0
   984 | D:2      | Learned a level 1 spell: Freeze
  1182 | D:2      | Reached skill level 1 in Fighting
  1182 | D:2      | Reached skill level 1 in Armour
  1604 | D:3      | Noticed a bullfrog
  1609 | D:3      | Killed a bullfrog
  1610 | D:3      | Reached skill level 3 in Dodging
  1610 | D:3      | Reached XP level 4. HP: 25/33 MP: 0/0
  1610 | D:3      | Reached XP level 5. HP: 29/38 MP: 0/0
  1610 | D:3      | Learned a level 2 spell: Jinxbite
  2063 | D:3      | Reached XP level 6. HP: 25/45 MP: 0/0
  2177 | D:3      | Noticed Natasha
  2181 | D:3      | Killed Natasha
  2268 | D:4      | Found an opulent altar of Gozag.
  2276 | D:4      | Became a worshipper of Gozag Ym Sagoz the Greedy
  2433 | D:4      | Reached skill level 4 in Dodging
  2677 | D:4      | Found a burning altar of Makhleb.
  2706 | D:4      | Noticed Edmund
  2716 | D:4      | Killed Edmund
  2717 | D:4      | Reached XP level 7. HP: 25/50 MP: 0/0
  2717 | D:4      | Learned a level 3 spell: Frozen Ramparts
  3144 | D:5      | Entered Level 5 of the Dungeon
  3494 | D:5      | Reached skill level 5 in Dodging
  3494 | D:5      | Reached XP level 8. HP: 36/58 MP: 0/0
  3494 | D:5      | Upgraded the game from 0.32-a0-520-g344ed53f66 to
                  | 0.32-a0-540-g866d13106e
  3739 | D:5      | Reached skill level 5 in Spellcasting
  3739 | D:5      | Reached skill level 5 in Conjurations
  3739 | D:5      | Reached skill level 5 in Hexes
  3739 | D:5      | Reached skill level 5 in Summonings
  3739 | D:5      | Reached skill level 5 in Necromancy
  3739 | D:5      | Reached skill level 5 in Translocations
  3739 | D:5      | Reached skill level 5 in Fire Magic
  3739 | D:5      | Reached skill level 5 in Ice Magic
  3739 | D:5      | Reached skill level 5 in Air Magic
  3739 | D:5      | Reached skill level 5 in Earth Magic
  3739 | D:5      | Reached skill level 5 in Alchemy
  4660 | D:6      | Reached skill level 6 in Dodging
  4840 | D:6      | Reached skill level 5 in Fighting
  4840 | D:6      | Reached skill level 5 in Armour
  4840 | D:6      | Reached XP level 9. HP: 57/65 MP: 0/0
  4840 | D:6      | Learned a level 3 spell: Dazzling Flash
  5344 | D:7      | Reached skill level 7 in Dodging
  5440 | D:7      | Found a staircase to the Ecumenical Temple.
  6100 | D:7      | Noticed Duvessa
  6100 | D:7      | Noticed Dowan
  6117 | D:7      | Killed Dowan
  6534 | D:8      | Reached XP level 10. HP: 64/73 MP: 0/0
  6683 | D:8      | Reached skill level 8 in Dodging
  6851 | D:8      | Noticed a rime drake
  6869 | D:8      | Found a staircase to the Lair.
  6976 | D:8      | Noticed a two-headed ogre
  6984 | D:8      | Slain by a two-headed ogre

Illustrated notes

Levels and vault maps discovered:
D:1:      dpeg_arrival_chambers_temple_mockup, layout_loops_ring, st_stairs_11
D:2:      layout_rooms, minmay_strange_pillars
D:3:      layout_basic, hellmonk_no_cap, uniq_natasha
D:4:      layout_basic, lightli_temple_of_fire, grunt_gozag_statues,
          supply_closet_lemuel, minmay_fountain_box, uniq_edmund
D:5:      layout_rooms, hangedman_decor_lopped, nicolae_titane
D:6:      layout_loops_ring
D:7:      layout_cave_pools, minmay_temple_entry_glass, palyth_stone_intersect,
          eino_curves_02, kennysheep_generic_room_5, uniq_duvessa
D:8:      lemuel_castle_with_subvaults [lemuel_castle_interior_carwin_1],
          layout_rooms, vehumet_altar_wand_db, lemuel_coloured_pillars_altar,
          lemuel_mausoleum_altar_yredelemnul, hellmonk_lair_entry_icy,
          minivault_24, kennysheep_pointless_box

Skill      XL: |  1  2  3  4  5  6  7  8  9 10 |
---------------+-------------------------------+-----
Fighting       | 1 2 3 5 6 7 |  7.3
Armour         | 1 2 3 5 6 7 |  7.3
Dodging        | 3 4 5 6 7 8 |  8.4
Spellcasting   | 4 5 6 |  6.6
Conjurations   | 4 5 6 |  6.6
Hexes          | 4 5 6 |  6.6
Summonings     | 4 5 6 |  6.6
Necromancy     | 4 5 6 |  6.6
Translocations | 4 5 6 |  6.6
Fire Magic     | 4 5 6 |  6.6
Ice Magic      | 4 5 6 |  6.6
Air Magic      | 4 5 6 |  6.6
Earth Magic    | 4 5 6 |  6.6
Alchemy        | 4 5 6 |  6.6
Stealth        | |  1.5

Action                     |  1- 3 |  4- 6 |  7- 9 | 10-12 || total
---------------------------+-------+-------+-------+-------++-------
   Cast: Magic Dart        |    60 |    34 |    45 |    12 ||   151
         Searing Ray       |     5 |    22 |    59 |    22 ||   108
         Jinxbite          |       |     2 |       |       ||     2
         Freeze            |       |     5 |       |       ||     5
         Frozen Ramparts   |       |       |    15 |    12 ||    27
         Dazzling Flash    |       |       |     8 |       ||     8
    Use: Scroll            |     6 |     2 |     7 |     1 ||    16
         Potion            |       |     1 |     3 |     3 ||     7
 Armour: Robe              |    12 |    17 |    35 |     9 ||    73
  Dodge: Dodged            |    11 |     7 |    66 |    22 ||   106
         Repelled          |     1 |     1 |       |       ||     2

Table legend: (Time is in decaauts)
 A = Elapsed time spent in this place.
 B = Non-inter-level travel time spent in this place.
 C = Inter-level travel time spent in this place.
 D = Time resting spent in this place.
 E = Time spent auto-exploring this place.
 F = Levels seen in this place.
 G = Mean time per level.
                   A        B        C        D        E       F      G
               +--------+--------+--------+--------+--------+-----+--------+
         Total |   6985 |   6838 |    147 |   1196 |   4598 |   8 |  873.1 |
       Dungeon |   6985 |   6838 |    147 |   1196 |   4598 |   8 |  873.1 |
               +--------+--------+--------+--------+--------+-----+--------+

Top non-repeatable levels by time:
     D:6: 1282 daAuts
     D:7: 1081 daAuts
     D:1: 1044 daAuts
     D:5: 967 daAuts
     D:4: 957 daAuts
     D:3: 769 daAuts
     D:8: 457 daAuts
     D:2: 424 daAuts
